 Dungeon Crawl Stone Soup version 0.32-a0-931-g5a2cda0630 (webtiles) character file.

Game seed: 13561987004085651068

3972 whatisthis the Zephyrmancer (level 10, 0/74 HPs)
             Began as a Barachi Air Elementalist on Apr 13, 2024.
             Was a Follower of Sif Muna.
             Slain by a wyvern (8 damage)
             ... while petrified by a basilisk
             ... on level 9 of the Dungeon.
             The game lasted 00:24:24 (11403 turns).

whatisthis the Zephyrmancer (BaAE)                 Turns: 11403, Time: 00:24:24

Health: 0/74       AC:  3    Str: 10    XL:     10   Next: 22%
Magic:  9/22       EV:  2    Int: 29    God:    Sif Muna [*.....]
Gold:   533        SH:  0    Dex: 12    Spells: 12/25 levels left

rFire   . . .        d - +2 short sword "Opovets" {pain, Int+3}
rCold   . . .        (no shield)
rNeg    + + +        a - +0 robe
rPois   ∞            (no helmet)
rElec   .            v - scarf {shadows}
rCorr   .            E - +0 pair of gloves
SInv    +            (no boots)
Will    .....        (no amulet)
Stlth   ++           o - ring of see invisible
HPRegen 0.32/turn    C - +6 ring of intelligence
MPRegen 0.18/turn

%: no passive effects
@: petrified, slow
A: amphibious, slowness 1, strong legs 1, +LOS
a: Hop, Renounce Religion, Channel Magic


You were on level 9 of the Dungeon.
You worshipped Sif Muna.
Sif Muna was aware of your devotion.
You visited 2 branches of the dungeon, and saw 10 of its levels.

You collected 533 gold pieces.

Inventory:

Hand Weapons
 d - the +2 short sword "Opovets" (weapon) {pain, Int+3}
   (You found it on level 6 of the Dungeon)

   Int+3:     It affects your intelligence (+3).
 n - a +1 whip of venom
 D - a +2 whip of electrocution
Missiles
 g - 11 javelins
 r - 2 throwing nets
 A - 15 poisoned darts
Armour
 a - a +0 robe (worn)
 v - a scarf of shadows (worn)
 E - a +0 pair of gloves (worn)
Jewellery
 o - a ring of see invisible (left hand)
 C - a +6 ring of intelligence (right hand)
Wands
 p - a wand of paralysis (3)
Scrolls
 c - a scroll of noise
 j - 2 scrolls of vulnerability
 k - a scroll of poison
 m - a scroll of butterflies {unknown}
 t - a scroll of torment
 x - a scroll of enchant weapon {unknown}
 y - a scroll of fear {unknown}
 z - a scroll of enchant armour {unknown}
 G - a scroll of blinking {unknown}
Potions
 b - 2 potions of magic
 e - a potion of curing
 f - a potion of heal wounds {unknown}
 h - 5 potions of brilliance {unknown}
 i - 3 potions of lignification {unknown}
 l - 2 potions of degeneration
 s - 3 potions of might
 u - 2 potions of haste {unknown}
 w - a potion of attraction {unknown}
 F - a potion of enlightenment {unknown}


   Skills:
 - Level 5.0 Fighting
 - Level 2.1 Dodging
 - Level 1.7 Stealth
 + Level 8.3 Spellcasting
 + Level 8.8 Conjurations
 + Level 9.3 Air Magic


You had 12 spell levels left.
You knew the following spells:

 Your Spells              Type           Power      Damage    Failure   Level
a - Shock                 Conj/Air       100%       1d9       1%          1
b - Static Discharge      Conj/Air       100%       3-8/arc   1%          2
c - Swiftness             Air            61%        N/A       1%          3
d - Airstrike             Air            30%        2d(5-21)  1%          4
e - Dazzling Flash        Conj/Hex       74%        N/A       2%          3

Your spell library contained the following spells:

 Spells                   Type           Power      Damage    Failure   Level
 Momentum Strike          Conj/Tloc      74%        3d10      1%          2
 Hailstorm                Conj/Ice       37%        3d9       2%          3
 Freeze                   Ice            48%        1d6       4%          1
 Blink                    Tloc           24%        N/A       7%          2
 Call Imp                 Summ           24%        N/A       7%          2
 Ensorcelled Hibernation  Hex/Ice        24%        N/A       7%          2
 Lesser Beckoning         Tloc           24%        N/A       7%          2
 Sublimation of Blood     Necr           12%        N/A       7%          2
 Frozen Ramparts          Ice            24%        1d4       13%         3
 Passwall                 Erth           12%        N/A       13%         3
 Fireball                 Conj/Fire      18%        3d9       21%         5
 Cause Fear               Hex            6%         N/A       41%         4
 Ignite Poison            Fire/Alch      12%        N/A       41%         4
 Sticky Flame             Fire/Alch      12%        2d5       41%         4
 Starburst                Conj/Fire      18%        6d7       75%         6
 Borgnjor's Vile Clutch   Necr/Erth      6%         N/A       77%         5
 Curse of Agony           Necr           12%        N/A       77%         5
 Summon Forest            Summ/Tloc      6%         N/A       77%         5
 Maxwell's Capacitive Co  Air            30%        ∞         99%         8
 Eringya's Noxious Bog    Alch           6%         4d6       100%        6
 Summon Hydra             Summ           6%         N/A       100%        7
 Ignition                 Fire           6%         3d4       100%        8
 Infestation              Necr           6%         N/A       100%        8
 Dragon's Call            Summ           6%         N/A       100%        9


Dungeon Overview and Level Annotations

Branches:
Dungeon (9/15)             Temple (1/1) D:5            Lair (0/5) D:9
    Orc (0/2) D:9

Altars:
Ashenzari
Cheibriados
Dithmenos
Elyvilon
Fedhas
Gozag
Hepliaklqana
Kikubaaqudgha
Makhleb
Nemelex Xobeh
Okawaru
Qazlal
Ru
Sif Muna
Trog
Uskayaw
Vehumet
Wu Jian
Xom
Yredelemnul
Zin
The Shining One
Lugonu

Shops:
D:5 ?

Annotations:
D:7 2 transporters, Joseph


Innate Abilities, Weirdness & Mutations

You are amphibious.
You cover ground slowly.
You can hop short distances.
You have an extended range of vision and can be seen from far away.


Message History

The orc is struck by an arc of lightning.
The orc is almost dead.
The orc wizard is struck by an arc of lightning!
The orc wizard is heavily wounded.
The lightning grounds out.
The orc wizard is struck by an arc of lightning!
You kill the orc wizard!
Sif Muna accepts your kill.
The orc is struck by an arc of lightning!
You kill the orc!
Sif Muna accepts your kill.
The orc warrior is struck by an arc of lightning.
The orc warrior is lightly wounded.
The lightning grounds out.
Your surroundings suddenly seem different.
Found a scroll of teleportation and a war axe.
The killer bee buzzes angrily.
The elephant trumpets!
The basilisk gazes at you.
You are slowing down.
Unknown command.
As you read the scroll of teleportation, it crumbles to dust.
You feel strangely unstable.
Your limbs are stiffening.
Found a stone staircase leading down.
Your surroundings seem slightly different.
The killer bee buzzes angrily.
The killer bee stings something.
The killer bee poisons something!
The elephant tramples you!
You stumble backwards!
You have turned to stone.
The elephant tramples you.
You are shoved backwards!
The wyvern bites you! The elephant tramples you.
* * * LOW HITPOINT WARNING * * *
You are shoved backwards!
The elephant tramples you but does no damage.
The elephant trunk-slaps you. The killer bee stings you!
* * * LOW HITPOINT WARNING * * *
The wyvern bites you!
* * * LOW HITPOINT WARNING * * *
The killer bee stings you.
* * * LOW HITPOINT WARNING * * *
The wyvern bites you!
You die...

#..#
P....#######
#..# ....)#
# #..# .l..#
#
#..###...##
#
#.........#
#
#.......#...
#
#y..l?......
.
#yYy.....#..
#@ky.....# #
####.###.#
.... .#
...## # ...#
..#


You could see an elephant, 2 basilisks, a wyvern and 4 killer bees.

Vanquished Creatures
  A hornet (D:8)
  Prince Ribbit (D:5)
  2 wyverns
  A yak (D:8)
  2 water moccasins
  Duvessa (D:5)
  2 orc warriors
  4 ice beasts
  5 ogres
  A centaur (D:9)
  A wolf (D:9)
  A kobold brigand (D:8)
  4 bullfrogs
  2 scorpions
  3 wights (D:8)
  Dowan (D:4)
  6 killer bees
  A howler monkey (D:7)
  2 hounds
  2 jellies (D:6)
  2 orc priests
  2 sleepcaps
  2 iguanas
  9 orc wizards
  6 adders
  3 gnolls (D:6)
  4 shadow imps (D:6)
  2 white imps
  An ufetubus (D:9)
  2 dart slugs
  2 ribbon worms
  27 orcs
  9 ball pythons
  6 endoplasms
  6 giant cockroaches
  5 goblins
  7 hobgoblins
  7 jackals
  6 quokkas
  6 bats
  3 frilled lizards
  10 kobolds
  8 rats
178 creatures vanquished.

Notes
Turn   | Place    | Note
-------+----------+-------------------------------------------
     0 | D:1      | whatisthis the Barachi Air Elementalist began the quest for
                  | the Orb.
     0 | D:1      | Reached XP level 1. HP: 13/13 MP: 3/3
   279 | D:1      | Reached XP level 2. HP: 20/20 MP: 1/5
   328 | D:1      | Learned a level 2 spell: Static Discharge
   627 | D:1      | Reached skill level 1 in Fighting
  1075 | D:2      | Reached XP level 3. HP: 26/26 MP: 6/6
  1210 | D:2      | Learned a level 3 spell: Swiftness
  2116 | D:3      | Found a bloodstained altar of Trog.
  2116 | D:3      | Found a glowing silver altar of Zin.
  2303 | D:3      | Found a white marble altar of Elyvilon.
  2433 | D:3      | Reached XP level 4. HP: 32/33 MP: 3/8
  2665 | D:3      | Reached skill level 4 in Air Magic
  3213 | D:4      | Noticed an ogre
  3221 | D:4      | Noticed an ogre
  3252 | D:4      | Killed an ogre
  3253 | D:4      | Reached XP level 5. HP: 40/40 MP: 0/10
  3407 | D:4      | Killed an ogre
  3408 | D:4      | Reached XP level 6. HP: 36/47 MP: 1/11
  4300 | D:4      | Learned a level 4 spell: Airstrike
  4301 | D:5      | Entered Level 5 of the Dungeon
  4399 | D:5      | Noticed Duvessa
  4399 | D:5      | Noticed Dowan
  4480 | D:5      | Noticed Prince Ribbit
  4502 | D:5      | Killed Prince Ribbit
  4503 | D:5      | Reached skill level 5 in Air Magic
  4503 | D:5      | Reached XP level 7. HP: 36/54 MP: 0/13
  4904 | D:5      | Killed Duvessa
  5018 | D:4      | Killed Dowan
  5019 | D:4      | Reached skill level 5 in Fighting
  5161 | D:5      | Found a staircase to the Ecumenical Temple.
  5229 | D:5      | Found Disk's Magic Scroll Shoppe.
  5301 | D:5      | Reached skill level 5 in Conjurations
  5301 | D:5      | Reached XP level 8. HP: 50/62 MP: 0/15
  5424 | D:5      | Reached skill level 5 in Spellcasting
  5424 | D:5      | Reached skill level 6 in Air Magic
  5704 | Temple   | Entered the Ecumenical Temple
  5716 | Temple   | Became a worshipper of Sif Muna the Loreminder
  6467 | D:6      | Identified the +2 short sword "Opovets" {pain, Int+3}
  6529 | D:6      | Got the Discourse on the Crypt
  6739 | D:6      | Learned a level 3 spell: Dazzling Flash
  7158 | D:6      | Reached skill level 7 in Air Magic
  7540 | D:6      | Reached XP level 9. HP: 68/68 MP: 13/18
  7965 | D:6      | Reached * piety under Sif Muna
  8221 | D:7      | Found a snail-covered altar of Cheibriados.
  8835 | D:7      | Reached skill level 8 in Air Magic
  9012 | D:7      | Noticed Joseph
  9089 | D:7      | Found a corrupted altar of Lugonu.
  9090 | D:7      | Noticed a green ugly thing
  9090 | D:7      | Noticed a cyan ugly thing
  9091 | D:7      | Noticed a white ugly thing
  9216 | D:7      | Found a transporter.
  9216 | D:7      | Found a transporter.
  9784 | D:8      | Noticed a hornet
  9788 | D:8      | Killed a hornet
 10681 | D:9      | Reached XP level 10. HP: 68/74 MP: 12/21
 10771 | D:9      | Reached skill level 9 in Air Magic
 11384 | D:9      | Found a staircase to the Lair.
 11384 | D:9      | Noticed an elephant
 11393 | D:9      | Found a staircase to the Orcish Mines.
 11403 | D:9      | Slain by a wyvern

Illustrated notes

Levels and vault maps discovered:
D:1:      onia_arrival_mini_spirals, layout_basic
D:2:      layout_basic, minmay_large_rounded_square
D:3:      layout_basic, nicolae_elyvilon_peaceful_grove,
          nicolae_overflow_two_pavilions
D:4:      layout_basic
D:5:      layout_gridville, minmay_temple_entry_ruins, serial_shops,
          nicolae_shop_waterfront, uniq_duvessa, uniq_prince_ribbit1
D:6:      layout_rooms, serial_library, serial_library_hellmonk_layered_room,
          serial_library_hellmonk_u_bend, serial_library_regret_index_headful,
          serial_library_hellmonk_metal_room,
          serial_library_hellmonk_open_cross, serial_library_hellmonk_hallway_a,
          serial_library_hellmonk_narrow_alcove, serial_library_hellmonk_room_a,
          serial_library_hellmonk_big_corner
D:7:      gammafunk_corrupted_shrine, layout_basic, lemuel_doored_altar,
          uniq_joseph
D:8:      layout_cave_pools
D:9:      layout_basic, david_lair_generic, erik_orc_1, serial_ice,
          serial_ice_c, serial_ice_a, serial_ice_f, serial_ice_n
Temple:   hc_temple_tempest_star

Skill      XL: |  1  2  3  4  5  6  7  8  9 10 |
---------------+-------------------------------+-----
Fighting       | 1 2 3 4 5 |  5.0
Conjurations   | 2 3 4 5 6 8 |  8.8
Air Magic      | 4 5 7 8 9 |  9.3
Spellcasting   | 3 4 6 7 8 |  8.3
Dodging        | |  2.1
Stealth        | |  1.7

Action                     |  1- 3 |  4- 6 |  7- 9 | 10-12 || total
---------------------------+-------+-------+-------+-------++-------
  Melee: Unarmed           |     1 |       |       |       ||     1
         Dagger            |    11 |    18 |    13 |       ||    42
         Short sword       |       |       |    30 |    18 ||    48
   Fire: Sling             |    89 |       |       |       ||    89
  Throw: Dart              |       |     5 |       |       ||     5
   Cast: Shock             |    53 |    63 |    80 |    15 ||   211
         Static Discharge  |       |    13 |    20 |     5 ||    38
         Swiftness         |       |     3 |     2 |       ||     5
         Airstrike         |       |       |    58 |     9 ||    67
         Dazzling Flash    |       |       |     5 |     5 ||    10
  Evoke: Wand              |       |     6 |     2 |       ||     8
    Use: Scroll            |       |       |     5 |     3 ||     8
         Potion            |       |       |     1 |     1 ||     2
   Stab: Sleeping          |       |     4 |       |       ||     4
         Paralysed         |       |       |     2 |       ||     2
         Invisible         |       |       |     2 |       ||     2
 Armour: Robe              |    29 |    26 |    92 |    35 ||   182
  Dodge: Dodged            |    35 |    22 |    60 |    32 ||   149

Table legend: (Time is in decaauts)
 A = Elapsed time spent in this place.
 B = Non-inter-level travel time spent in this place.
 C = Inter-level travel time spent in this place.
 D = Time resting spent in this place.
 E = Time spent auto-exploring this place.
 F = Levels seen in this place.
 G = Mean time per level.
                   A        B        C        D        E       F      G
               +--------+--------+--------+--------+--------+-----+--------+
         Total |  12598 |  12071 |    527 |   3672 |   5901 |  10 | 1259.8 |
       Dungeon |  12569 |  12055 |    514 |   3672 |   5901 |   9 | 1396.6 |
        Temple |     29 |     16 |     13 |      0 |      0 |   1 |   29.0 |
               +--------+--------+--------+--------+--------+-----+--------+

Top non-repeatable levels by time:
     D:5: 2219 daAuts
     D:6: 1737 daAuts
     D:4: 1614 daAuts
     D:8: 1464 daAuts
     D:1: 1286 daAuts
     D:7: 1249 daAuts
     D:2: 1110 daAuts
     D:3: 1086 daAuts
     D:9: 800 daAuts
  Temple: 29 daAuts
